 Dungeon Sprint DCSS version 0.30-a0-918-g0ff054e9dc (webtiles) character file.

Game seed: 560952567559675884

122 octoduck the Covert (level 4, -3/22 HPs)
             Began as a Spriggan Brigand on Mar 20, 2023.
             Killed by divine providence
             ... invoked by an oklob sapling priest
              (11 damage)
             ... in the Dungeon (Sprint IV: "Fedhas' Mad Dash").
             The game lasted 00:02:13 (306 turns).

octoduck the Covert (Spriggan Brigand)               Turns: 306, Time: 00:02:14

Health: -3/22      AC:  3    Str:  7    XL:     4   Next: 78%
Magic:  5/5        EV: 16    Int: 12    God:
Gold:   57         SH:  0    Dex: 18    Spells: 3/3 levels left

rFire   . . .      SeeInvis +    a - +2 dagger
rCold   . . .      Faith    .    (no shield)
rNeg    . . .      Spirit   .    b - +0 robe
rPois   .          Reflect  .    (helmet restricted)
rElec   .          Rampage  .    c - +0 cloak
rCorr   .          NoTele   +    (gloves unavailable)
Will    .....                    (boots unavailable)
Stlth   ++++++                   f - amulet of invisibility {+Inv}
HPRegen 0.23/turn                (no ring)
MPRegen 0.09/turn                (no ring)

@: very slightly contaminated, very quick
A: very small, no large weapons, unfitting armour, see invisible, speed 3
a: Evoke Invisibility


You were in the Dungeon.
You visited 1 branch You collected 57 gold pieces.

Inventory:

Hand Weapons
 a - a +2 dagger (weapon)
Missiles
 d - 9 poisoned darts (quivered)
 e - 3 curare-tipped darts
Armour
 b - a +0 robe (worn)
 c - a +0 cloak (worn)
Jewellery
 f - the amulet of invisibility (around neck) {+Inv}
   (You found it in the Dungeon)

   [amulet of nothing]

   +Inv:      It lets you turn invisible.
Scrolls
 k - a scroll of blinking
Potions
 h - a potion of haste
 i - 2 potions of magic


   Skills:
 - Level 1.5 Fighting
 + Level 5.2 Short Blades
 - Level 2.0 Throwing
 + Level 1.3 Dodging
 - Level 14.1 Stealth


You had 3 spell levels left.
You didn't know any spells.
Your spell library was empty.

Dungeon Overview and Level Annotations

Branches:
Dungeon (1/1)

Altars:
Cheibriados
Dithmenos
Elyvilon
Gozag
Hepliaklqana
Kikubaaqudgha
Makhleb
Nemelex Xobeh
Okawaru
Qazlal
Ru
Sif Muna
Trog
Uskayaw
Vehumet
Wu Jian
Xom
Yredelemnul
Zin
The Shining One
Jiyva
Lugonu

Annotations:
D exclusion: oklob sapling


Innate Abilities, Weirdness & Mutations

You are very small and have problems with some larger weapons.
You are too small for most types of armour.
You have supernaturally acute eyesight. (SInv)
You cover ground extremely quickly. (Speed+++)


Message History

There is an open door here.
You open the door.
Found ten altars.
An oklob sapling priest comes into view.
Found three altars.
Marking area around an oklob sapling priest as unsafe for travelling.
There is an open door here.
Found three altars.
Found two altars.
You flicker for a moment.
Found three altars.
Found a radiant altar of Vehumet and a corrupted altar of Lugonu.
You hit the oklob sapling priest.
The oklob sapling priest is lightly damaged.
You hit the oklob sapling priest but do no damage.
The oklob sapling priest is lightly damaged.
You hit the oklob sapling priest.
The oklob sapling priest is lightly damaged.
You hit the oklob sapling priest but do no damage.
The oklob sapling priest is lightly damaged.
The oklob sapling priest invokes the aid of its god against you.
Something smites you!
Ouch! That really hurt!
You hit the oklob sapling priest but do no damage.
The oklob sapling priest is lightly damaged.
You flicker back into view.
You hit the oklob sapling priest but do no damage.
The oklob sapling priest is lightly damaged.
You hit the oklob sapling priest but do no damage.
The oklob sapling priest is lightly damaged.
You hit the oklob sapling priest.
The oklob sapling priest is lightly damaged.
You hit the oklob sapling priest but do no damage.
The oklob sapling priest is lightly damaged.
You hit the oklob sapling priest but do no damage.
The oklob sapling priest is lightly damaged.
The oklob sapling priest calls down the wrath of its god upon you.
Something smites you!
Ouch! That really hurt!
You die...

########################
...÷#.....#.⌠._._._._.⌠.
)...'.#)).'.._._@_._._..
....#.#...#..._._P_._...
########'##.._._._._._..
+...#._._._._._.⌠.
#...############## #####


You could see an oklob sapling priest.

Vanquished Creatures
  A scorpion (D)
  2 oklob saplings (D)
  A river rat (D)
  A rat (D)
5 creatures vanquished.

Notes
Turn   | Place    | Note
-------+----------+-------------------------------------------
     0 | D        | octoduck the Spriggan Brigand began the quest for the Orb.
     0 | D        | Reached XP level 1. HP: 10/10 MP: 2/2
     9 | D        | Reached skill level 8 in Stealth
     9 | D        | Reached XP level 2. HP: 14/14 MP: 3/3
    11 | D        | Reached skill level 9 in Stealth
    13 | D        | Noticed an oklob sapling
    19 | D        | HP: 1/21 [oklob sapling/splash of acid (20)]
    20 | D        | Killed an oklob sapling
    20 | D        | Noticed a scorpion
    21 | D        | Reached skill level 10 in Stealth
    21 | D        | Reached XP level 3. HP: 2/18 MP: 4/4
   223 | D        | Killed a scorpion
   224 | D        | Reached skill level 13 in Stealth
   224 | D        | Reached XP level 4. HP: 15/22 MP: 5/5
   255 | D        | Found the amulet of invisibility {+Inv}
   280 | D        | Reached skill level 5 in Short Blades
   280 | D        | Reached skill level 14 in Stealth
   289 | D        | Found an opulent altar of Gozag.
   289 | D        | Found a hazy altar of Hepliaklqana.
   289 | D        | Found a burning altar of Makhleb.
   289 | D        | Found a sparkling altar of Nemelex Xobeh.
   289 | D        | Found a snail-covered altar of Cheibriados.
   289 | D        | Found a sacrificial altar of Ru.
   289 | D        | Found a shimmering blue altar of Sif Muna.
   289 | D        | Found a shimmering altar of Xom.
   289 | D        | Found a basalt altar of Yredelemnul.
   290 | D        | Found a viscous altar of Jiyva.
   290 | D        | Found a bloodstained altar of Trog.
   290 | D        | Found an ornate altar of the Wu Jian Council.
   291 | D        | Found an iron altar of Okawaru.
   291 | D        | Found a glowing silver altar of Zin.
   291 | D        | Found a shadowy altar of Dithmenos.
   292 | D        | Found an ancient bone altar of Kikubaaqudgha.
   292 | D        | Found a hide-covered altar of Uskayaw.
   293 | D        | Found a stormy altar of Qazlal.
   293 | D        | Found a glowing golden altar of the Shining One.
   293 | D        | Found a white marble altar of Elyvilon.
   294 | D        | Found a radiant altar of Vehumet.
   294 | D        | Found a corrupted altar of Lugonu.
   306 | D        | Killed from afar by an oklob sapling priest

Illustrated notes

Levels and vault maps discovered:
D:        dungeon_sprint_fedhas [sprint_temple]

Skill      XL: |  1  2  3  4 |
---------------+-------------+-----
Stealth        | 8 10 13 14 | 14.1
Short Blades   | 3 4 5 |  5.2
Fighting       | |  1.5
Throwing       | |  2.0
Dodging        | |  1.3

Action                     |  1- 3 |  4- 6 || total
---------------------------+-------+-------++-------
  Melee: Dagger            |    30 |    11 ||    41
Ability: Evoke Invisibilit |       |     1 ||     1
    Use: Potion            |     3 |       ||     3
   Stab: Sleeping          |     2 |     1 ||     3
 Armour: Robe              |     1 |       ||     1
  Dodge: Dodged            |    17 |       ||    17

Table legend: (Time is in decaauts)
 A = Elapsed time spent in this place.
 B = Non-inter-level travel time spent in this place.
 C = Inter-level travel time spent in this place.
 D = Time resting spent in this place.
 E = Time spent auto-exploring this place.
 F = Levels seen in this place.
 G = Mean time per level.
                   A        B        C        D        E       F      G
               +--------+--------+--------+--------+--------+-----+--------+
         Total |    294 |    294 |      0 |    202 |      0 |   1 |  294.0 |
       Dungeon |    294 |    294 |      0 |    202 |      0 |   1 |  294.0 |
               +--------+--------+--------+--------+--------+-----+--------+

Top non-repeatable levels by time:
       D: 294 daAuts
